 Dungeon Crawl Stone Soup version 0.21.1-1-g345015f (webtiles) character file.

11759 theblackcape the Thaumaturge (level 11, -1/83 HPs)
             Began as a Gnoll Wizard on June 30, 2018.
             Was a High Priest of Ashenzari.
             Slain by Snorg (9 damage)
             ... on level 11 of the Dungeon on July 2, 2018.
             The game lasted 01:21:45 (15923 turns).

theblackcape the Thaumaturge (Gnoll Wizard)        Turns: 15923, Time: 01:21:46

Health: -1/83      AC: 15    Str:  9    XL:     11   Next: 82%
Magic:  15/24      EV: 19    Int: 24    God:    Ashenzari [*****.]
Gold:   594        SH:  0    Dex: 14    Spells: 18/29 levels left

rFire    . . .     SeeInvis +   G - +8 halberd (curse)
rCold    + + +     Gourm    .   (shield currently unavailable)
rNeg     . . .     Faith    +   x - +4 skin of Zhor {rC+++} (curse)
rPois    .         Spirit   .   I - +2 hat {SInv}
rElec    .         Reflect  .   t - +2 cloak (curse)
rCorr    +         Harm     .   j - +2 pair of gloves (curse)
MR       .....     Clarity  +   (no boots)
Stlth    +++++.....             v - amulet of faith (curse)
HPRegen  0.23/turn              N - ring of flight (curse)
MPRegen  0.19/turn              h - ring of resist corrosion (curse)

@: no status effects
A: distributed training, fangs 1, strong nose
a: Curse Item, Scrying, Renounce Religion, Evoke Flight


You were on level 11 of the Dungeon.
You worshipped Ashenzari.
Ashenzari was extremely pleased with you.
You were not hungry.

You visited 2 branches of the dungeon, and saw 12 of its levels.

You collected 714 gold pieces.
You spent 120 gold pieces at shops.

Inventory:

Hand Weapons
 F - a +4 rapier
 G - a cursed +8 halberd (weapon)
Missiles
 i - 410 stones (quivered)
 y - 10 tomahawks
Armour
 j - a cursed +2 pair of gloves (worn)
 t - a cursed +2 cloak (worn)
 x - the cursed +4 skin of Zhor (worn) {rC+++}
   (You found it on level 4 of the Dungeon)

   It renders you almost immune to cold.
   It has a curse placed upon it.
 I - a +2 hat of see invisible (worn)
 L - a +0 buckler
Jewellery
 a - an uncursed ring of ice
 h - a cursed ring of resist corrosion (right hand)
 v - a cursed amulet of faith (around neck)
 D - an uncursed amulet of harm
 N - a cursed ring of flight (left hand)
Wands
 b - a wand of paralysis (8)
 z - a wand of random effects (30)
 C - a wand of iceblast (8)
 J - a wand of disintegration (1)
Scrolls
 e - 4 scrolls of teleportation
 f - a scroll of random uselessness
 m - a scroll of brand weapon {unknown}
 n - 3 scrolls of amnesia
 p - 2 scrolls of identify
 u - 2 scrolls of immolation
 w - a scroll of fog {unknown}
 A - 2 scrolls of enchant armour
 B - 3 scrolls of magic mapping
 E - a scroll of blinking {unknown}
 K - a scroll of silence {unknown}
Potions
 g - 2 potions of might
 k - 7 potions of curing
 o - 2 potions of haste
 q - a potion of ambrosia
 r - 2 potions of heal wounds
 s - 3 potions of flight
 H - 2 potions of brilliance {unknown}
 M - a potion of berserk rage
Books
 c - a book of Minor Magic

   Spells                             Type                      Level
   a - Magic Dart                     Conjuration                  1
   b - Blink                          Translocation                2
   c - Call Imp                       Summoning                    2
   d - Slow                           Hexes                        2
   e - Conjure Flame                  Conjuration/Fire             3
   f - Mephitic Cloud                 Conjuration/Poison/Air       3
Comestibles
 d - 15 rations
 l - 5 chunks of flesh


   Skills:
 + Level 6.5 Fighting
 + Level 6.5 Short Blades
 + Level 6.5 Long Blades
 + Level 6.5 Axes
 + Level 6.5 Maces & Flails
 + Level 6.5(11.6) Polearms
 + Level 6.5 Staves
 + Level 6.5 Slings
 + Level 6.5 Bows
 + Level 6.5 Crossbows
 + Level 6.5 Throwing
 + Level 6.5 Armour
 + Level 8.1(10.7) Dodging
 + Level 7.8(10.5) Stealth
 + Level 6.5 Shields
 + Level 6.5 Unarmed Combat
 + Level 9.7 Spellcasting
 + Level 5.9(9.9) Conjurations
 + Level 5.4(9.4) Hexes
 + Level 5.4(9.4) Charms
 + Level 5.9(9.9) Summonings
 + Level 5.4(9.4) Necromancy
 + Level 5.9(9.9) Translocations
 + Level 5.4(9.4) Transmutations
 + Level 5.4(9.4) Fire Magic
 + Level 5.4(9.4) Ice Magic
 + Level 5.4(9.4) Air Magic
 + Level 5.4(9.4) Earth Magic
 + Level 5.4(9.4) Poison Magic
 + Level 7.2 Invocations
 + Level 6.5(10.6) Evocations


You had 18 spell levels left.
You knew the following spells:

 Your Spells              Type           Power        Failure   Level  Hunger
a - Magic Dart            Conj           ####         1%          1    None
b - Call Imp              Summ           ######..     1%          2    None
c - Conjure Flame         Conj/Fire      ######..     1%          3    None
d - Mephitic Cloud        Conj/Pois/Air  ######..     1%          3    None
e - Blink                 Tloc           N/A          1%          2    None


Dungeon Overview and Level Annotations

Branches:
Dungeon (11/15)            Temple (1/1) D:6            Lair (0/6) D:9
    Orc: D:9-12

Altars:
Ashenzari
Cheibriados
Dithmenos
Elyvilon
Fedhas
Gozag
Hepliaklqana
Kikubaaqudgha
Makhleb
Nemelex Xobeh
Okawaru
Qazlal
Ru
Sif Muna
Trog
Uskayaw
Vehumet
Wu Jian
Xom
Yredelemnul
Zin
The Shining One
Lugonu

Shops:
D:4 [   D:5 ?   D:9 }=

Annotations:
D:2 2 transporters
D:11 Snorg


Innate Abilities, Weirdness & Mutations

Your experience applies equally to all skills.
You have very sharp teeth.
Your uncanny sense of smell can sniff out nearby items.


Message History

The puff of frost hits Snorg.
Snorg bites your white imp!!
Your white imp dies!
Your crimson imp hits Snorg.
Attack whom?
Press: ? - help, Dir - move target cursor, f/p - Snorg
Aim: Snorg (moderately wounded, berserk, fast, unusually strong)
You reach to attack!
You impale Snorg!!
Snorg is heavily wounded.
Your crimson imp closely misses Snorg.
Snorg bites you. Snorg claws you! Snorg misses you.
Your crimson imp blinks!
Snorg rages.
Snorg closely misses you. Snorg misses you. Snorg claws you.
Your crimson imp blinks!
Snorg bites you!!
* * * LOW HITPOINT WARNING * * *
Snorg claws you.
* * * LOW HITPOINT WARNING * * *
Snorg claws you but does no damage. Snorg barely misses you. Snorg claws you!
You die...

* ,
,,+................#.....
, ,#................#.....
,
,,,#................'.....
, ,,
,#..5.............#.....
,, ,
#................#..... *
, +................#.....
*, * ,
##....#########.####... ,
,,,,
∆#...T####.####.####... ,,
,+....@......'....#!...
,*,,
,#...........#....'....
*,,
,#...........#...<#...> *
, #+#########'####.##...
*, ,*** **,,,
............#.##... , ,,,*
, ............#...... ,,,
,,,, *
,,............#......
,,,{, { *,
,,...........[+...... * +
∆* ,............#######


You could see Snorg (berserk) and a friendly crimson imp.

Vanquished Creatures
  4 two-headed ogres
  An unseen horror (D:10)
  Pikel (D:5)
  Psyche (D:9)
  A gargoyle (D:11)
  A komodo dragon (D:9)
  A troll (D:10)
  2 hippogriffs
  8 yaks
  A human (D:9)
  A water moccasin (D:9)
  2 necrophages
  2 orc warriors
  An ice beast (D:5)
  2 phantoms
  An eye of draining (D:11)
  A black bear (D:11)
  2 ogres
  4 bullfrogs
  3 scorpions
  9 killer bees
  7 wights
  3 howler monkeys
  A crimson imp (D:8)
  A centaur zombie (D:8)
  A hound (D:4)
  A jelly (D:11)
  6 orc priests
  5 orc wizards
  2 bullfrog skeletons
  An iguana (D:5)
  5 worker ants
  A killer bee zombie (D:5)
  A hound zombie (D:10)
  A hound skeleton (D:5)
  4 adders
  A shadow imp (D:9)
  An ooze (D:1)
  An adder skeleton (D:8)
  A worm (D:2)
  A dart slug (D:2)
  8 leopard geckos
  20 orcs
  5 giant cockroaches
  5 goblins
  9 hobgoblins
  15 jackals
  4 kobolds
  2 quokkas
  10 bats
  3 frilled lizards
  A leopard gecko skeleton (D:7)
  A quokka zombie (D:9)
  8 rats
185 creatures vanquished.

Vanquished Creatures (collateral kills)
  Gastronok (D:8)
  The ghost of emiel the Carver, a novice NaFi of Cheibriados (D:9)
  A two-headed ogre (D:9)
  Sigmund (D:5)
  4 yaks
  2 orc warriors (D:10)
  A sky beast (D:6)
  A black bear (D:4)
  A necrophage (D:9)
  An ice beast (D:6)
  5 centaurs
  6 ogres
  3 bullfrogs
  3 scorpions
  The ghost of Rwicked the Chopper, a weakling MiBe of Trog (D:3)
  2 wights (D:6)
  3 killer bees
  A howler monkey (D:9)
  2 crimson imps (D:8)
  A jelly (D:7)
  Crazy Yiuf (D:2)
  2 orc priests
  3 hounds
  4 orc wizards
  A bullfrog skeleton (D:5)
  Jessica (D:2)
  An iguana (D:6)
  4 worker ants
  A gnoll (D:2)
  4 adders
  An adder skeleton (D:4)
  3 worms
  2 dart slugs
  3 leopard geckos
  11 orcs
  A giant cockroach (D:3)
  3 hobgoblins
  3 jackals
  2 quokkas
  A bat (D:2)
  2 goblins
  A kobold (D:2)
  A quokka skeleton (D:2)
  A quokka zombie (D:5)
  2 rats (D:2)
100 creatures vanquished.

Vanquished Creatures (others)
  3 orc wizards
  A shadow imp (D:5)
  An orc (D:5)
  5 plants (D:9)
10 creatures vanquished.

Grand Total: 295 creatures vanquished

Notes
Turn   | Place    | Note
-------+----------+-------------------------------------------
     0 | D:1      | theblackcape the Gnoll Wizard began the quest for the Orb.
     0 | D:1      | Reached XP level 1. HP: 13/13 MP: 8/8
   219 | D:1      | Reached XP level 2. HP: 20/20 MP: 2/10
   283 | D:1      | Learned a level 2 spell: Call Imp
   722 | D:1      | Reached XP level 3. HP: 25/25 MP: 7/11
   727 | D:1      | Learned a level 3 spell: Conjure Flame
  1191 | D:2      | Noticed a phantom
  1192 | D:2      | Found an ornate altar of the Wu Jian Council.
  1192 | D:2      | Found a transporter.
  1200 | D:2      | Noticed a killer bee
  1204 | D:2      | Found a transporter.
  1238 | D:2      | Reached skill level 1 in Invocations
  1330 | D:2      | Noticed Jessica
  1334 | D:2      | Killed Jessica
  1334 | D:2      | Reached skill level 1 in Fighting
  1334 | D:2      | Reached skill level 1 in Short Blades
  1334 | D:2      | Reached skill level 1 in Long Blades
  1334 | D:2      | Reached skill level 1 in Axes
  1334 | D:2      | Reached skill level 1 in Maces & Flails
  1334 | D:2      | Reached skill level 1 in Polearms
  1334 | D:2      | Reached skill level 1 in Staves
  1334 | D:2      | Reached skill level 1 in Slings
  1334 | D:2      | Reached skill level 1 in Bows
  1334 | D:2      | Reached skill level 1 in Crossbows
  1334 | D:2      | Reached skill level 1 in Throwing
  1334 | D:2      | Reached skill level 1 in Armour
  1334 | D:2      | Reached skill level 1 in Shields
  1334 | D:2      | Reached skill level 1 in Unarmed Combat
  1334 | D:2      | Reached skill level 1 in Evocations
  1372 | D:2      | Found a runed door.
  1486 | D:2      | Reached XP level 4. HP: 32/32 MP: 10/13
  1772 | D:2      | Found a shattered altar of Ashenzari.
  1833 | D:2      | Reached skill level 1 in Hexes
  1833 | D:2      | Reached skill level 1 in Charms
  1833 | D:2      | Reached skill level 1 in Necromancy
  1833 | D:2      | Reached skill level 1 in Transmutations
  1833 | D:2      | Reached skill level 1 in Fire Magic
  1833 | D:2      | Reached skill level 1 in Ice Magic
  1833 | D:2      | Reached skill level 1 in Air Magic
  1833 | D:2      | Reached skill level 1 in Earth Magic
  1833 | D:2      | Reached skill level 1 in Poison Magic
  1880 | D:2      | Became a worshipper of Ashenzari the Shackled
  2240 | D:2      | Noticed Crazy Yiuf
  2258 | D:2      | Killed Crazy Yiuf
  2258 | D:2      | Reached XP level 5. HP: 29/37 MP: 7/14
  2382 | D:3      | Noticed Rwicked's ghost (weakling MiBe)
  2482 | D:3      | Found a basalt altar of Yredelemnul.
  2577 | D:3      | Killed Rwicked's ghost
  2780 | D:3      | Found an iron altar of Okawaru.
  2879 | D:3      | Found a snail-covered altar of Cheibriados.
  3229 | D:4      | Reached XP level 6. HP: 44/44 MP: 13/16
  3588 | D:4      | Found Gutifiny's Armour Emporium.
  3607 | D:4      | Noticed a black bear
  3621 | D:4      | Killed a black bear
  3621 | D:4      | Reached skill level 5 in Dodging
  3705 | D:4      | Noticed a phantom
  3807 | D:4      | Killed a phantom
  3936 | D:4      | Found a blossoming altar of Fedhas.
  3985 | D:4      | Found the +4 skin of Zhor {rC+++}
  4072 | D:4      | Reached XP level 7. HP: 50/50 MP: 14/18
  4373 | D:4      | Found a hazy altar of Hepliaklqana.
  4619 | D:4      | Reached * piety under Ashenzari
  4803 | D:5      | Entered Level 5 of the Dungeon
  5181 | D:5      | Noticed Pikel
  5213 | D:5      | Killed Pikel
  5213 | D:5      | Reached skill level 5 in Stealth
  5213 | D:5      | Reached XP level 8. HP: 36/58 MP: 10/19
  5569 | D:5      | Found Jiskaoco's Magic Scroll Boutique.
  5575 | D:5      | Bought a scroll of identify for 30 gold pieces
  5575 | D:5      | Bought a scroll of remove curse for 45 gold pieces
  5575 | D:5      | Bought a scroll of remove curse for 45 gold pieces
  5601 | D:5      | Noticed Sigmund
  5610 | D:5      | Killed Sigmund
  5627 | D:5      | Reached ** piety under Ashenzari
  5644 | D:5      | Reached skill level 8 in Spellcasting
  5900 | D:5      | Found a snail-covered altar of Cheibriados.
  6239 | D:6      | Learned a level 3 spell: Mephitic Cloud
  6242 | D:6      | Learned a level 2 spell: Blink
  6262 | D:6      | Found a sparkling altar of Nemelex Xobeh.
  6281 | D:6      | Found a staircase to the Ecumenical Temple.
  6320 | Temple   | Entered the Ecumenical Temple
  6457 | D:6      | Found an iron altar of Okawaru.
  6480 | D:6      | Reached XP level 9. HP: 65/65 MP: 19/21
  6500 | D:6      | Found a bloodstained altar of Trog.
  6800 | D:6      | Found a sacrificial altar of Ru.
  6940 | D:6      | Found a stormy altar of Qazlal.
  7255 | D:6      | Found a deep blue altar of Sif Muna.
  7285 | D:6      | Found an ancient bone altar of Kikubaaqudgha.
  7286 | D:6      | Found a radiant altar of Vehumet.
  7291 | D:6      | Identified Vehumet's Almanac of Attacks
  7474 | D:7      | Found a burning altar of Makhleb.
  7692 | D:7      | Found an opulent altar of Gozag.
  7844 | D:7      | Reached *** piety under Ashenzari
  8801 | D:8      | Noticed a two-headed ogre
  8843 | D:8      | Killed a two-headed ogre
  8843 | D:8      | Reached skill level 5 in Invocations
  8994 | D:8      | Noticed Gastronok
  9069 | D:8      | Killed Gastronok
  9069 | D:8      | Reached skill level 5 in Fighting
  9069 | D:8      | Reached skill level 5 in Short Blades
  9069 | D:8      | Reached skill level 5 in Long Blades
  9069 | D:8      | Reached skill level 5 in Axes
  9069 | D:8      | Reached skill level 5 in Maces & Flails
  9069 | D:8      | Reached skill level 5 in Polearms
  9069 | D:8      | Reached skill level 5 in Staves
  9069 | D:8      | Reached skill level 5 in Slings
  9069 | D:8      | Reached skill level 5 in Bows
  9069 | D:8      | Reached skill level 5 in Crossbows
  9069 | D:8      | Reached skill level 5 in Throwing
  9069 | D:8      | Reached skill level 5 in Armour
  9069 | D:8      | Reached skill level 5 in Shields
  9069 | D:8      | Reached skill level 5 in Unarmed Combat
  9069 | D:8      | Reached skill level 5 in Evocations
  9069 | D:8      | Reached XP level 10. HP: 56/74 MP: 10/22
  9453 | D:8      | Reached **** piety under Ashenzari
  9818 | D:9      | Noticed a two-headed ogre
  9852 | D:9      | Killed a two-headed ogre
  9852 | D:9      | Reached skill level 9 in Spellcasting
 10059 | D:9      | Found Fiwooj Onank's Gadget Shoppe.
 10149 | D:9      | Noticed a two-headed ogre
 10177 | D:9      | Killed a two-headed ogre
 10177 | D:9      | Reached skill level 5 in Conjurations
 10177 | D:9      | Reached skill level 5 in Summonings
 10177 | D:9      | Reached skill level 5 in Translocations
 10197 | D:9      | Found Wueseki's Jewellery Emporium.
 10338 | D:9      | Noticed Psyche
 10458 | D:9      | HP: 3/74 [water moccasin (5)]
 10460 | D:9      | HP: 1/74 [poisoned by a water moccasin]
 10781 | D:9      | Noticed emiel's ghost (novice NaFi)
 10888 | D:9      | Killed emiel's ghost
 11140 | D:9      | Killed Psyche
 11140 | D:9      | Reached XP level 11. HP: 33/81 MP: 15/24
 11410 | D:9      | Found a staircase to the Lair.
 13080 | D:10     | Entered Level 10 of the Dungeon
 13080 | D:10     | Noticed a two-headed ogre
 13080 | D:10     | Noticed an unseen horror
 13328 | D:9      | HP: 1/81 [komodo dragon (26)]
 14078 | D:10     | Reached ***** piety under Ashenzari
 14088 | D:10     | Reached skill level 5 in Hexes
 14088 | D:10     | Reached skill level 5 in Charms
 14088 | D:10     | Reached skill level 5 in Necromancy
 14088 | D:10     | Reached skill level 5 in Transmutations
 14088 | D:10     | Reached skill level 5 in Fire Magic
 14088 | D:10     | Reached skill level 5 in Ice Magic
 14088 | D:10     | Reached skill level 5 in Air Magic
 14088 | D:10     | Reached skill level 5 in Earth Magic
 14088 | D:10     | Reached skill level 5 in Poison Magic
 14113 | D:10     | Killed a two-headed ogre
 14139 | D:10     | Killed an unseen horror
 14277 | D:10     | HP: 3/81 [shot self (10)]
 14879 | D:10     | Noticed a two-headed ogre
 14916 | D:10     | Killed a two-headed ogre
 15903 | D:11     | Noticed Snorg
 15923 | D:11     | Slain by Snorg

Skill      XL: |  1  2  3  4  5  6  7  8  9 10 11 |
---------------+----------------------------------+-----
Conjurations   | 2 3 4 5 |  5.9
Summonings     | 2 3 4 5 |  5.9
Translocations | 2 3 4 5 |  5.9
Invocations    | 1 2 3 4 5 6 7 |  7.2
Fighting       | 1 2 3 5 6 |  6.5
Short Blades   | 1 2 3 5 6 |  6.5
Long Blades    | 1 2 3 5 6 |  6.5
Axes           | 1 2 3 5 6 |  6.5
Maces & Flails | 1 2 3 5 6 |  6.5
Polearms       | 1 2 3 5 6 |  6.5
Staves         | 1 2 3 5 6 |  6.5
Slings         | 1 2 3 5 6 |  6.5
Bows           | 1 2 3 5 6 |  6.5
Crossbows      | 1 2 3 5 6 |  6.5
Throwing       | 1 2 3 5 6 |  6.5
Armour         | 1 2 3 5 6 |  6.5
Shields        | 1 2 3 5 6 |  6.5
Unarmed Combat | 1 2 3 5 6 |  6.5
Evocations     | 1 2 3 5 6 |  6.5
Hexes          | 1 2 3 4 5 |  5.4
Charms         | 1 2 3 4 5 |  5.4
Necromancy     | 1 2 3 4 5 |  5.4
Transmutations | 1 2 3 4 5 |  5.4
Fire Magic     | 1 2 3 4 5 |  5.4
Ice Magic      | 1 2 3 4 5 |  5.4
Air Magic      | 1 2 3 4 5 |  5.4
Earth Magic    | 1 2 3 4 5 |  5.4
Poison Magic   | 1 2 3 4 5 |  5.4
Dodging        | 5 6 7 8 |  8.1
Stealth        | 5 6 7 |  7.8
Spellcasting   | 8 9 |  9.7

Action                   |  1- 3 |  4- 6 |  7- 9 | 10-12 || total
-------------------------+-------+-------+-------+-------++-------
Melee: Unarmed           |     6 |       |       |       ||     6
       Bite              |     1 |    16 |    39 |    44 ||   100
       Spear             |       |   208 |   477 |   543 ||  1228
       Punch             |       |       |     6 |    10 ||    16
       Halberd           |       |       |       |   130 ||   130
Throw: Stone             |     8 |     3 |       |       ||    11
 Cast: Magic Dart        |    68 |    36 |   117 |   128 ||   349
       Call Imp          |    12 |    48 |    96 |   158 ||   314
       Conjure Flame     |       |     2 |     1 |     3 ||     6
Invok: Curse Item        |       |     3 |     3 |     3 ||     9
Evoke: Wand              |       |       |       |     7 ||     7
  Use: Scroll            |       |       |     8 |    14 ||    22
       Potion            |       |       |       |     2 ||     2
 Stab: Sleeping          |     1 |     3 |     4 |     4 ||    12
       Distracted        |       |     2 |     5 |    15 ||    22
  Eat: Chunk             |     2 |     8 |    16 |    16 ||    42
       Ration            |       |       |       |     2 ||     2
Armor: Robe              |     1 |    22 |       |       ||    23
       Leather armour    |       |    26 |       |       ||    26
       Animal skin       |       |       |   121 |   113 ||   234
Dodge: Dodged            |    12 |   116 |   321 |   299 ||   748
